 Dungeon Crawl Stone Soup version 0.28.0-53-g5a82cb258f (webtiles) character file.

Game seed: 16422958575476130015

25424 bekard the Severer (level 12, -3/113 HPs)
             Began as a Minotaur Berserker on Aug 23, 2022.
             Was an Elder of Trog.
             Shot with an arrow by Nessos (23 damage)
             ... on level 12 of the Dungeon on Aug 24, 2022.
             The game lasted 01:41:12 (15058 turns).

bekard the Severer (Minotaur Berserker)            Turns: 15058, Time: 01:41:13

Health: -3/113     AC: 21    Str: 27    XL:     12   Next: 89%
Magic:  11/11      EV: 14    Int:  2    God:    Trog [****..]
Gold:   365        SH:  0    Dex: 10    Spells: 11/11 levels left

rFire   + . .      SeeInvis .   K - +12 broad axe "Sarcophage" {flame, Fragile rElec Will+ rCorr}
rCold   + . .      Faith    .   (no shield)
rNeg    . . .      Spirit   .   O - +3 chain mail
rPois   .          Reflect  .   (helmet restricted)
rElec   +          Harm     .   Q - scarf {rC+ rF+}
rCorr   +          Rampage  .   e - +0 pair of gloves
Will    ++++.                   (no boots)
Stlth   ..........              h - amulet of the acrobat
HPRegen 1.28/turn               i - +4 ring of protection
MPRegen 0.12/turn               a - +4 ring of evasion

@: about to teleport, strong-willed, regenerating
A: horns 2, retaliatory headbutt, dopey 1, strong-willed 1
a: Renounce Religion, Berserk, Trog's Hand, Brothers in Arms


You were on level 12 of the Dungeon.
You worshipped Trog.
Trog was greatly pleased with you.
You visited 3 branches of the dungeon, and saw 14 of its levels.
You also visited: Ossuary.

You collected 673 gold pieces.
You spent 308 gold pieces at shops.

Inventory:

Hand Weapons
 K - the +12 broad axe "Sarcophage" (weapon) {flame, Fragile rElec Will+ rCorr}
   (You bought it in a shop on level 6 of the Dungeon)

   It burns those it strikes, dealing additional fire damage.
   Big, fiery blades are also staple armaments of hydra-hunters.
   rElec:     It insulates you from electricity.
   rCorr:     It protects you from acid and corrosion.
   Fragile:   It will be destroyed if unequipped.
   Will:      It increases your willpower.
 L - a +2 dagger of speed
Missiles
 g - 56 bolts
 T - 14 poisoned darts (quivered)
Armour
 e - a +0 pair of gloves (worn)
 O - a +3 chain mail (worn)
 Q - a scarf of resistance (worn)
Jewellery
 a - a +4 ring of evasion (right hand)
 h - an amulet of the acrobat (around neck)
 i - a +4 ring of protection (left hand)
 H - a ring of positive energy
 P - a +6 ring of dexterity
 R - a +6 ring of dexterity
Wands
 b - a wand of flame (27)
 l - a wand of mindburst (7)
 o - a wand of polymorph (4)
 q - a wand of acid (5)
 v - a wand of iceblast (18)
 N - a wand of digging (3)
Scrolls
 n - 5 scrolls of teleportation
 p - 3 scrolls of holy word {unknown}
 r - 2 scrolls of blinking {unknown}
 u - 2 scrolls of silence {unknown}
 w - 8 scrolls of identify
 x - a scroll of fear {unknown}
 y - 3 scrolls of vulnerability {unknown}
 C - 3 scrolls of enchant armour {unknown}
 E - 2 scrolls of immolation
 F - a scroll of summoning {unknown}
 G - 2 scrolls of amnesia {unknown}
 I - 2 scrolls of noise {unknown}
 X - 2 scrolls of magic mapping {unknown}
Potions
 c - a potion of curing
 d - 3 potions of cancellation {unknown}
 f - 3 potions of heal wounds {unknown}
 j - 3 potions of resistance {unknown}
 k - a potion of ambrosia {unknown}
 m - 2 potions of degeneration {unknown}
 s - a potion of magic {unknown}
 t - 2 potions of haste {unknown}
 z - a potion of flight {unknown}
 A - 2 potions of attraction {unknown}
 B - 2 potions of brilliance {unknown}
 D - a potion of mutation {unknown}
 J - 2 potions of invisibility {unknown}
 M - a potion of might {unknown}
 V - 3 potions of lignification {unknown}


   Skills:
 + Level 12.8 Fighting
 + Level 18.5 Axes
 + Level 12.6 Armour
 + Level 5.5 Dodging
 + Level 1.2 Evocations


You had 11 spell levels left.
You didn't know any spells.
Your spell library contained the following spells:

 Spells                   Type           Power      Damage    Failure   Level
 Beastly Appendage        Tmut           0%         N/A       95%         1
 Wereblood                Tmut           0%         N/A       99%         2
 Confusing Touch          Hex            0%         N/A       100%        3
 Portal Projectile        Hex/Tloc       0%         N/A       100%        3
 Spider Form              Tmut/Pois      0%         N/A       100%        3
 Blade Hands              Tmut           0%         N/A       100%        5
 Excruciating Wounds      Necr           0%         N/A       100%        5
 Yara's Violent Unravell  Hex/Tmut       0%         3d3       100%        5
 Enfeeble                 Hex            0%         N/A       100%        7


Dungeon Overview and Level Annotations

Branches:
Dungeon (12/15)            Temple (1/1) D:5            Lair (1/6) D:11
    Orc (0/2) D:12        Ossuary (visited)

Altars:
Ashenzari
Cheibriados
Dithmenos
Elyvilon
Fedhas
Gozag
Hepliaklqana
Kikubaaqudgha
Makhleb
Nemelex Xobeh
Okawaru
Qazlal
Ru
Sif Muna
Trog
Uskayaw
Vehumet
Wu Jian
Xom
Yredelemnul
Zin
The Shining One
Beogh

Shops:
D:5 (   D:6 [(=?   D:10 (?!=

Annotations:
D:12 Nessos


Innate Abilities, Weirdness & Mutations

You have a pair of horns on your head.
You reflexively headbutt those who attack you in melee.
You are dopey. (Int -2)
You are strong-willed. (Will+)


Message History

Nessos says, "Even if you were a mare, I'd kill you!"
Nessos zaps a wand.
You resist with almost no effort.
Your ogre completely misses Nessos.
Nessos casts a spell.
Nessos blinks!
You feel better.
Nessos gestures wildly while chanting.
Nessos blinks!
Nessos shoots an arrow.
The arrow closely misses you.
Nessos zaps a wand.
You resist with almost no effort.
The now-empty wand crumbles to dust.
Nessos shoots an arrow.
The arrow hits you!
* * * LOW HITPOINT WARNING * * *
The arrow burns you.
* * * LOW HITPOINT WARNING * * *
Nessos mumbles some strange words.
Nessos blinks!
Unknown command.
You feel better.
Nessos says, "Even if you were a mare, I'd kill you!"
Nessos mumbles some strange words.
Nessos blinks!
Nessos shoots an arrow.
The arrow hits you!!
* * * LOW HITPOINT WARNING * * *
The arrow burns you.
You are lethally poisoned!
* * * LOW HITPOINT WARNING * * *
Your ogre hits Nessos with a +0 giant club!
Unknown command.
You feel better.
Nessos gestures wildly while chanting.
Nessos blinks!
Nessos shoots an arrow.
The arrow closely misses you.
Nessos shoots an arrow.
The arrow barely misses you.
As you read the scroll of teleportation, it crumbles to dust.
You feel strangely unstable.
Nessos shoots an arrow.
The arrow hits you.
* * * LOW HITPOINT WARNING * * *
You are poisoned.
Nessos mumbles some strange words.
Nessos blinks!
Unknown command.
You feel better.
Nessos shoots an arrow.
The arrow hits you!!
You die...

................######
................#
##.........§..^.#
#..............####
#.................#
#........O........#
#.............[...#
............#....##
..§.....@.####
.............#
.............#
.....#.c.....#
....#....####
.....>..## ...!....#
.........# .##....###


You could see Nessos (fast, ally target) and a friendly ogre (summoned, berserk,
poisoned).

Vanquished Creatures
  A fire giant (D:11)
  A boulder beetle (D:11)
  A centaur warrior (D:11)
  5 two-headed ogres
  The ghost of brob1 the Fighter, a novice MiBe of Trog (D:6)
  4 skeletal warriors (D:11)
  An ugly thing (D:12)
  2 cyclopes (D:12)
  A shining eye (shapeshifter) (D:11)
  3 manticores (D:11)
  An unseen horror (D:11)
  The ghost of Descartes the Chopper, a novice FoWr (D:5)
  4 trolls
  A meliai (D:11)
  A hornet (D:8)
  4 slime creatures (D:11)
  Sigmund (D:2)
  A shadow (D:12)
  4 wraiths
  9 yaks
  A wyvern (D:9)
  Eustachio (D:5)
  2 steam dragons
  A vampire mosquito (D:11)
  A warg (D:6)
  3 acid dragons (D:11)
  2 water moccasins (D:7)
  11 orc warriors
  4 black bears
  4 ice beasts
  An ogre (D:7)
  2 necrophages (D:6)
  A sky beast (D:6)
  A boggart (D:11)
  3 centaurs
  2 kobold brigands
  4 gnoll sergeants
  8 scorpions (Ossuary)
  A wyvern skeleton (D:6)
  A water moccasin zombie (D:5)
  7 killer bees
  8 wights
  A bullfrog zombie (D:6)
  8 centaur zombies
  3 human zombies (Ossuary)
  5 orc priests
  A jelly (D:8)
  A bullfrog skeleton (D:5)
  A centaur skeleton (D:4)
  Ijyb (D:2)
  An iguana (D:6)
  5 scorpion zombies (Ossuary)
  11 orc wizards
  2 killer bee zombies
  A hound skeleton (D:4)
  4 mummies
  A howler monkey zombie (D:10)
  16 gnolls
  A howler monkey skeleton (D:4)
  3 adders
  2 white imps
  An adder skeleton (D:4)
  2 worms (D:2)
  A dart slug (D:1)
  34 orcs
  7 bats
  4 endoplasms
  2 giant cockroaches
  19 goblins
  5 hobgoblins
  4 jackals (D:2)
  10 kobolds
  5 quokkas
  5 ball pythons
  3 frilled lizards
  2 gnoll zombies (Ossuary)
  5 goblin zombies (Ossuary)
  6 rats
299 creatures vanquished.

Vanquished Creatures (collateral kills)
  A hydra (D:12)
  The ghost of nmsoi the Cruncher, a novice GnWn of Gozag (D:10)
  A cyclops (D:12)
  A troll (D:12)
  An orc wizard (D:12)
  3 orcs (D:12)
8 creatures vanquished.

Vanquished Creatures (others)
  36 plants (D:11)
36 creatures vanquished.

Grand Total: 343 creatures vanquished

Notes
Turn   | Place    | Note
-------+----------+-------------------------------------------
     0 | D:1      | bekard the Minotaur Berserker began the quest for the Orb.
     0 | D:1      | Reached XP level 1. HP: 19/19 MP: 0/0
   162 | D:1      | Reached skill level 4 in Axes
   328 | D:1      | Reached XP level 2. HP: 27/27 MP: 1/1
  1273 | D:2      | Reached XP level 3. HP: 31/33 MP: 2/2
  1419 | D:2      | Noticed Sigmund
  1433 | D:2      | Killed Sigmund
  1434 | D:2      | Reached skill level 5 in Fighting
  1434 | D:2      | Reached skill level 5 in Axes
  1434 | D:2      | Reached XP level 4. HP: 41/42 MP: 3/3
  1434 | D:2      | Reached XP level 5. HP: 47/48 MP: 4/4
  1606 | D:2      | Reached ** piety under Trog
  1697 | D:2      | Found a broken altar of Ashenzari.
  1938 | D:2      | Noticed Ijyb
  1954 | D:2      | Killed Ijyb
  3058 | D:3      | Reached XP level 6. HP: 53/56 MP: 5/5
  3318 | D:4      | Reached skill level 6 in Axes
  3530 | D:4      | Found a hide-covered altar of Uskayaw.
  4212 | D:4      | Found a shimmering blue altar of Sif Muna.
  4481 | D:5      | Entered Level 5 of the Dungeon
  4481 | D:5      | Noticed an ice beast
  4489 | D:5      | Killed an ice beast
  4490 | D:5      | Reached XP level 7. HP: 61/61 MP: 6/6
  4492 | D:5      | Found Xeili's Antique Weapon Shoppe.
  4551 | D:5      | Bought a war axe for 119 gold pieces
  4614 | D:5      | Reached skill level 7 in Axes
  4614 | D:5      | Reached skill level 5 in Armour
  4630 | D:5      | Found a staircase to the Ecumenical Temple.
  4636 | Temple   | Entered the Ecumenical Temple
  5066 | D:5      | Reached *** piety under Trog
  5101 | D:5      | Found a sand-covered staircase.
  5145 | Ossuary  | Entered an ossuary
  5282 | Ossuary  | Reached skill level 8 in Axes
  5647 | Ossuary  | Reached XP level 8. HP: 63/70 MP: 7/7
  5750 | Ossuary  | Reached skill level 9 in Axes
  5834 | Ossuary  | HP: 5/106 [poisoned by a scorpion]
  5836 | Ossuary  | HP: 2/71 [poisoned by a scorpion]
  6252 | D:5      | Noticed Eustachio
  6260 | D:5      | Killed Eustachio
  6261 | D:5      | Reached skill level 10 in Axes
  6475 | D:5      | Found a runed translucent door.
  6731 | D:5      | Noticed Descartes's ghost (novice FoWr)
  6886 | D:5      | Killed Descartes's ghost
  6887 | D:5      | Reached skill level 11 in Axes
  6887 | D:5      | Reached XP level 9. HP: 79/79 MP: 8/8
  7084 | D:6      | Found Ucvourhu's Antique Weapon Shoppe.
  7104 | D:6      | Bought an ancient broad axe for 189 gold pieces
  7104 | D:6      | Identified the +12 broad axe "Sarcophage" {flame, Fragile
                  | rElec Will+ rCorr} (You bought it in a shop on level 6 of
                  | the Dungeon)
  7202 | D:6      | Found Zeakyiri's Jewellery Shop.
  7221 | D:6      | Found Roer's Antique Armour Shop.
  7372 | D:6      | Found Buneu's Magic Scroll Shop.
  7735 | D:6      | Found a runed translucent gate.
  7737 | D:6      | Found a runed translucent gate.
  7737 | D:6      | Found a runed translucent gate.
  7739 | D:6      | Noticed brob1's ghost (novice MiBe)
  7766 | D:6      | Killed brob1's ghost
  7767 | D:6      | Reached skill level 12 in Axes
  8099 | D:7      | Reached XP level 10. HP: 90/90 MP: 9/9
  8112 | D:7      | Reached skill level 13 in Axes
  8854 | D:7      | Found an opulent altar of Gozag.
  8926 | D:7      | Found a shadowy altar of Dithmenos.
  9538 | D:8      | Noticed a two-headed ogre
  9545 | D:8      | Killed a two-headed ogre
  9546 | D:8      | Reached skill level 14 in Axes
  9629 | D:8      | Identified the +1 leather armour of Poselopn {Contam rElec
                  | rC+}
 10435 | D:9      | Found a sacrificial altar of Ru.
 10507 | D:9      | Reached **** piety under Trog
 10538 | D:9      | Reached skill level 10 in Armour
 10939 | D:10     | Entered Level 10 of the Dungeon
 10944 | D:10     | Found Icvuy's Antique Weapon Boutique.
 10958 | D:10     | Found a hazy altar of Hepliaklqana.
 11016 | D:10     | Reached skill level 10 in Fighting
 11096 | D:10     | Found Vutomyav's Distillery.
 11139 | D:10     | Found Veipsenn's Magic Scroll Shoppe.
 11148 | D:10     | Reached XP level 11. HP: 84/99 MP: 10/10
 11450 | D:10     | Found Cuka Ucudgh's Jewellery Emporium.
 11490 | D:10     | Found a runed translucent gate.
 11490 | D:10     | Noticed a two-headed ogre
 11504 | D:10     | Killed a two-headed ogre
 11505 | D:10     | Reached skill level 15 in Axes
 11571 | D:10     | Noticed nmsoi's ghost (novice GnWn)
 11573 | D:10     | Found a runed translucent gate.
 11586 | D:10     | Found a runed translucent gate.
 11619 | D:10     | Killed nmsoi's ghost
 12357 | D:11     | Noticed a shining eye
 12362 | D:11     | Gained mutation: You are dopey. (Int -2) [a shining eye]
 12365 | D:11     | Gained mutation: You are strong-willed. (Will+) [a shining
                  | eye]
 12366 | D:11     | Killed a shining eye
 12454 | D:11     | Noticed a centaur warrior
 12454 | D:11     | Noticed a fire giant
 12461 | D:11     | Killed a centaur warrior
 12462 | D:11     | Reached skill level 16 in Axes
 12463 | D:11     | Killed a fire giant
 12642 | D:11     | Reached skill level 5 in Dodging
 12678 | D:11     | Noticed a boulder beetle
 12694 | D:11     | Killed a boulder beetle
 12696 | D:11     | Reached skill level 1 in Evocations
 12985 | D:11     | Noticed a skeletal warrior
 12985 | D:11     | Noticed a skeletal warrior
 12985 | D:11     | Noticed a skeletal warrior
 13000 | D:11     | Reached XP level 12. HP: 110/110 MP: 11/11
 13011 | D:11     | Reached skill level 17 in Axes
 13435 | D:11     | Found a staircase to the Lair.
 13454 | Lair:1   | Entered Level 1 of the Lair of Beasts
 14240 | D:12     | Noticed a two-headed ogre
 14295 | D:12     | Killed a two-headed ogre
 14296 | D:12     | Reached skill level 18 in Axes
 14620 | D:12     | Found a staircase to the Orcish Mines.
 14705 | D:12     | Noticed a seven-headed hydra
 14711 | D:12     | Killed a six-headed hydra
 14740 | D:12     | Noticed a two-headed ogre
 14747 | D:12     | Killed a two-headed ogre
 14948 | D:12     | Noticed a two-headed ogre
 14954 | D:12     | Killed a two-headed ogre
 15038 | D:12     | Noticed Nessos
 15055 | D:12     | HP: 2/113 [Nessos/arrow (19)]
 15058 | D:12     | Shot with an arrow by Nessos

Illustrated notes

Levels and vault maps discovered:
D:1:      co_arrival_random_square_maze, layout_basic, lemuel_another_geyser
D:2:      kennysheep_the_goblin_king, layout_loops_cross, basic_altar,
          minmay_cut_off, uniq_sigmund
D:3:      layout_loops_ring, serial_rivers, chequers_serial_rivers_micro_b,
          chequers_serial_rivers_marsh, chequers_serial_rivers_micro_a,
          chequers_serial_rivers_micro_a, chequers_serial_rivers_micro_c,
          minmay_misc_feat_square, minivault_19, st_stairs_8
D:4:      layout_basic, mainiacjoe_overflow_chevrons, led_sif_pool
D:5:      lemuel_ice_spiral_2, layout_basic, temple_green,
          ebering_ghost_inner_flame, serial_shops, nicolae_stop_n_shop_1,
          gup_ossuary_entry_pyramid, chequers_serial_rivers_small_b, uniq_ijyb,
          uniq_eustachio
D:6:      layout_layer_cave, serial_shops, shop, nicolae_shop_stone, shop,
          shop_statue, biasface_ghost_orc_armoury
D:7:      layout_loops_ring, mainiacjoe_overflow_catch_the_wave
D:8:      layout_loops_corners, wad_floor_pattern_2
D:9:      layout_basic, mainiacjoe_overflow_alcove_1
D:10:     layout_layer_cave, mainiacjoe_overflow_concentric_impassable,
          enter_bailey_3, gammafunk_ghost_split, serial_shops, kennysheep_mini,
          shop, kennysheep_mini_moat, kennysheep_little_box
D:11:     nzn_winding_woodlands_cross [nzn_winding_woodlands_5x15_crooked,
          nzn_winding_woodlands_5x15_pockets, nzn_winding_woodlands_5x15_garden,
          nzn_winding_woodlands_5x15_concentric,
          nzn_winding_woodlands_15x15_five_gardens], layout_basic
D:12:     layout_cross, orc_0_dummy, serial_glass, glass_columns_b,
          glass_columns_b, uniq_nessos
Temple:   nicolae_temple_elliptical
Lair:1:   gammafunk_boulding_lane, layout_long_grid, lemuel_fruit_tree,
          uniq_erica

Skill      XL: |  1  2  3  4  5  6  7  8  9 10 11 12 |
---------------+-------------------------------------+-----
Axes           | 4 5 6 8 11 12 14 16 18 | 18.5
Fighting       | 4 5 7 8 10 11 12 | 12.8
Armour         | 3 4 6 7 8 10 11 12 | 12.6
Dodging        | 3 4 5 |  5.5
Evocations     | 1 |  1.2

Action                   |  1- 3 |  4- 6 |  7- 9 | 10-12 || total
-------------------------+-------+-------+-------+-------++-------
Melee: Hand axe          |    76 |   124 |     4 |       ||   204
       Headbutt          |     7 |    17 |    52 |    49 ||   125
       Punch             |       |     2 |     1 |     2 ||     5
       War axe           |       |       |   235 |    72 ||   307
       Broad axe         |       |       |       |   230 ||   230
Invok: Berserk           |     1 |     3 |     6 |    10 ||    20
       Trog's Hand       |       |       |     2 |     3 ||     5
       Brothers in Arms  |       |       |       |     4 ||     4
Evoke: Wand              |       |       |       |     6 ||     6
  Use: Scroll            |     1 |       |       |     4 ||     5
       Potion            |       |       |     2 |     5 ||     7
 Stab: Sleeping          |     1 |       |       |       ||     1
Armor: Animal skin       |     9 |       |       |       ||     9
       Plate armour      |    16 |    71 |   123 |       ||   210
       Chain mail        |       |       |     3 |   111 ||   114
Dodge: Dodged            |    30 |    41 |    72 |   194 ||   337
